 Dungeon Crawl Stone Soup version 0.31-a0-117-g42d8f58691 (webtiles) character file.

Game seed: 5909436760919763796

239 loir the Poker (level 6, -4/49 HPs)
             Began as a Merfolk Gladiator on May 30, 2023.
             Slain by Grinder (6 damage)
             ... while paralysed by Grinder
             ... on level 4 of the Dungeon.
             The game lasted 00:14:13 (3247 turns).

loir the Poker (Merfolk Gladiator)                  Turns: 3247, Time: 00:14:14

Health: -4/49      AC:  5    Str: 19    XL:     6   Next: 7%
Magic:  6/6        EV: -1    Int:  8    God:
Gold:   171        SH:  0    Dex: 15    Spells: 5/5 levels left

rFire   . . .        p - +10 spear "Woure" {pain, Drain Fly Str+3}
rCold   . . .        (no shield)
rNeg    . . .        b - +0 leather armour
rPois   .            c - +0 helmet
rElec   .            (no cloak)
rCorr   .            i - +0 pair of gloves
SInv    .            (no boots)
Will    .....        (no amulet)
Stlth   +            (no ring)
HPRegen 0.28/turn    (no ring)
MPRegen 0.10/turn

%: no passive effects
@: paralysed, flying, constricted
A: (nimble swimmer 2), mertail
a: no special abilities


You were on level 4 of the Dungeon.
You visited 1 branch of the dungeon, and saw 4 of its levels.

You collected 171 gold pieces.

Inventory:

Hand Weapons
 a - a +0 trident
 p - the +10 spear "Woure" (weapon) {pain, Drain Fly Str+3}
   (You found it on level 3 of the Dungeon)

   Str:       It affects your strength (+3).
   Fly:       It grants you flight.
   Drain:     It drains your maximum health when unequipped.
Missiles
 e - a javelin (quivered)
 f - 4 boomerangs
 m - 3 poisoned darts
Armour
 b - a +0 leather armour (worn)
 c - a +0 helmet (worn)
 i - a +0 pair of gloves (worn)
Jewellery
 l - a ring of wizardry
Scrolls
 h - a scroll of blinking {unknown}
 q - a scroll of teleportation
Potions
 g - a potion of heal wounds {unknown}
 j - a potion of mutation {unknown}
 k - 3 potions of magic {unknown}
 n - 2 potions of haste {unknown}
 o - a potion of curing {unknown}
 r - 2 potions of brilliance {unknown}
 s - 2 potions of degeneration {unknown}
 t - a potion of cancellation {unknown}


   Skills:
 * Level 4.5 Fighting
 + Level 5.3 Polearms
 + Level 3.2 Throwing
 + Level 5.2 Dodging


You had 5 spell levels left.
You didn't know any spells.
Your spell library contained the following spells:

 Spells                   Type           Power      Damage    Failure   Level
 Ozocubu's Armour         Ice            0%         N/A       83%         3
 Ozocubu's Refrigeration  Ice            0%         4d7       100%        7


Dungeon Overview and Level Annotations

Branches:
Dungeon (4/15)
 Temple: D:4-7

Altars:
Gozag
Hepliaklqana

Annotations:
D:4 1 transporter, Grinder; ZoeForever1's ghost, amateur DEFE


Innate Abilities, Weirdness & Mutations

((You are very nimble when in or above water. (Stealth+, EV+, Speed+++)))
Your lower body shifts to a powerful aquatic tail in water.


Message History

The throwing net closely misses Grinder.
The ball python hisses angrily.
Grinder closely misses you.
Throw: 2 throwing nets
Press: ? - help, Q - select action, (/) - cycle Shift-Dir - straight line, f/p - Grinder
Aim: Grinder (58% to hit)
You throw a throwing net. The throwing net barely misses Grinder.
Grinder hits you.
You writhe in agony.
Throw: throwing net
Press: ? - help, Q - select action, (/) - cycle Shift-Dir - straight line, f/p - Grinder
Aim: Grinder (58% to hit)
You throw a throwing net. The throwing net barely misses Grinder.
Grinder hits you.
You writhe in agony.
You hit Grinder but do no damage. You barely miss Grinder. Grinder hits you!
You writhe in agony.
You are too injured to fight recklessly!
You are too injured to fight recklessly!
You are too injured to fight recklessly!
You are too injured to fight recklessly!
You hit Grinder.
Grinder is lightly wounded.
Grinder hits you.
You writhe in agony.
* * * LOW HITPOINT WARNING * * *
Grinder gestures at you.
You suddenly lose the ability to move!
Grinder gestures at you. You resist with significant effort.
The ball python bites you.
* * * LOW HITPOINT WARNING * * *
The ball python barely misses you. Grinder gestures at you.
Pain shoots through your body!
* * * LOW HITPOINT WARNING * * *
The ball python bites you but does no damage.
The ball python grabs you. The ball python constricts you.
The ball python bites you but does no damage.
The ball python constricts you.
* * * LOW HITPOINT WARNING * * *
Grinder hits you.
You die...

:. ###†## #.. ###...#
.. ###.....# #.#
###.......# #(.
#######....###..#
#..##........### #..#
#.............###..#
##..5............##.#
#...S@..........###.#
##..............# .#
#.............##
#..............#
#.##..........## #.
##........## .#
########## .


You could see Grinder and a ball python.

Vanquished Creatures
  A hound (D:4)
  Terence (D:3)
  Natasha (twice) (D:2)
  Robin (D:3)
  3 adders
  2 worms
  3 dart slugs
  8 endoplasms
  6 giant cockroaches
  15 goblins
  8 hobgoblins
  3 jackals (D:1)
  4 kobolds
  9 ball pythons
  7 bats
  6 frilled lizards
  5 rats
84 creatures vanquished.

Notes
Turn   | Place    | Note
-------+----------+-------------------------------------------
     0 | D:1      | loir the Merfolk Gladiator began the quest for the Orb.
     0 | D:1      | Reached XP level 1. HP: 16/16 MP: 1/1
   106 | D:1      | Reached XP level 2. HP: 23/23 MP: 2/2
   201 | D:1      | Found a faded altar of an unknown god.
   325 | D:1      | Reached XP level 3. HP: 28/28 MP: 3/3
   878 | D:2      | Found an opulent altar of Gozag.
  1062 | D:2      | Reached XP level 4. HP: 35/35 MP: 4/4
  1560 | D:2      | Noticed Natasha
  1592 | D:2      | HP: 1/35 [cerulean imp/+2 spear[Natasha] (2)]
  1938 | D:2      | Killed Natasha
  2221 | D:2      | Noticed Natasha
  2227 | D:2      | Killed Natasha
  2228 | D:2      | Reached XP level 5. HP: 40/42 MP: 5/5
  2521 | D:3      | Found a hazy altar of Hepliaklqana.
  2582 | D:3      | Noticed Robin
  2618 | D:3      | Reached skill level 5 in Polearms
  2632 | D:3      | Killed Robin
  2644 | D:3      | Identified the +10 spear "Woure" {pain, Drain Fly Str+3}
  2755 | D:3      | Reached skill level 5 in Dodging
  2829 | D:3      | Noticed Terence
  2842 | D:3      | Killed Terence
  3124 | D:4      | Found a transporter.
  3126 | D:4      | Noticed ZoeForever1's ghost (amateur DEFE)
  3216 | D:4      | Reached XP level 6. HP: 49/49 MP: 6/6
  3234 | D:4      | Noticed Grinder
  3243 | D:4      | Paralysed by Grinder for 5 turns
  3246 | D:4      | HP: 2/49 [constriction (1)]
  3247 | D:4      | Slain by Grinder

Illustrated notes

Levels and vault maps discovered:
D:1:      dpeg_arrival_round_b, layout_loops_cross,
          hellmonk_ecumenical_altar_zigzags
D:2:      layout_basic, basic_altar, minmay_ruptured, uniq_natasha
D:3:      layout_basic, worldfamousw_hep_ancestral_shrine,
          minmay_shallow_snake_nest, uniq_robin, uniq_terence
D:4:      layout_cave_pods, gammafunk_ghost_stat_death, minmay_pentomino_pile,
          uniq_grinder

Skill      XL: |  1  2  3  4  5 |
---------------+----------------+-----
Fighting       | 3 4 |  4.5
Polearms       | 5 |  5.3
Throwing       | 3 |  3.2
Dodging        | 5 |  5.2

Action                     |  1- 3 |  4- 6 || total
---------------------------+-------+-------++-------
  Melee: Trident           |   122 |   135 ||   257
         Spear             |       |    35 ||    35
         Punch             |       |     3 ||     3
  Throw: Throwing net      |       |     3 ||     3
         Boomerang         |       |     1 ||     1
    Use: Scroll            |     3 |     2 ||     5
   Stab: Sleeping          |     4 |     2 ||     6
         Distracted        |       |     1 ||     1
 Armour: Leather armour    |    43 |    38 ||    81
  Dodge: Dodged            |   100 |   113 ||   213

Table legend: (Time is in decaauts)
 A = Elapsed time spent in this place.
 B = Non-inter-level travel time spent in this place.
 C = Inter-level travel time spent in this place.
 D = Time resting spent in this place.
 E = Time spent auto-exploring this place.
 F = Levels seen in this place.
 G = Mean time per level.
                   A        B        C        D        E       F      G
               +--------+--------+--------+--------+--------+-----+--------+
         Total |   3259 |   3068 |    191 |    191 |   2314 |   4 |  814.8 |
       Dungeon |   3259 |   3068 |    191 |    191 |   2314 |   4 |  814.8 |
               +--------+--------+--------+--------+--------+-----+--------+

Top non-repeatable levels by time:
     D:2: 1417 daAuts
     D:1: 886 daAuts
     D:3: 820 daAuts
     D:4: 135 daAuts
